cohdb
Replays
Latest Replays
All Replays
Popular Replays
Top Player Replays
Match Explorer
How It Works
Community
CoH3 Stats
Reddit
Sign in to upload your games and track your stats! →
Sign in with Steam
Match 42992914
Unlisted
Match 42992914
Overview
Messages
Build Orders
End
Construct Section Command Post
Vickers Machine Gun Team
Dingo Light Scout Car
Infantry Section
Infantry Section
Grenade Package
Royal Engineer Section
Infantry Section
Construct Platoon Command Post
Unlock Bishop Self-propelled Artillery
Selects Indian Artillery Battlegroup
Selects Artillery Saturation
Selects Off-map Airburst Barrage
Bishop Self-propelled Artillery
Light Vehicle Training
Royal Engineer Section
Bishop Self-propelled Artillery
6-pounder Anti-tank Gun Team
Selects Valour
Selects Gurkha Rifles Section
Gurkha Rifles Section
Royal Engineer Section
B1t
SkyCurv
saint087
Bruckley
Zds□■
hooveric
goldship
starlight
0
0
Comments
sign in to comment!
No comments posted yet!